 Dungeon Crawl Stone Soup version 0.29-a0-330-g52719c12eb (webtiles) character file.

Game seed: 11301592373992527868

44 Crownlay the Covered (level 3, 0/25 HPs)
             Began as a Gnoll Wanderer on May 24, 2022.
             Slain by a ball python (3 damage)
             ... on level 2 of the Dungeon.
             The game lasted 00:02:03 (1320 turns).

Crownlay the Covered (Gnoll Wanderer)               Turns: 1320, Time: 00:02:03

Health: 0/25       AC:  7    Str:  9    XL:     3   Next: 62%
Magic:  9/9        EV:  5    Int: 12    God:
Gold:   53         SH:  0    Dex: 14    Spells: 12/12 levels left

rFire   . . .      SeeInvis .   p - +2 mace (holy)
rCold   . . .      Faith    .   (no shield)
rNeg    + . .      Spirit   .   d - +0 scale mail
rPois   .          Reflect  .   (no helmet)
rElec   .          Harm     .   (no cloak)
rCorr   +          Rampage  .   (no gloves)
Will    .....                   (no boots)
Stlth   ++........              (no amulet)
HPRegen 0.08/turn               j - ring of positive energy
MPRegen 0.11/turn               m - ring of resist corrosion

@: constricted
A: fangs 1, strong nose, distributed training
a: no special abilities


You were on level 2 of the Dungeon.
You visited 1 branch of the dungeon, and saw 2 of its levels.

You collected 53 gold pieces.

Inventory:

Hand Weapons
 p - a +2 mace of holy wrath (weapon)
Missiles
 b - 2 atropa-tipped darts (quivered)
 c - 2 datura-tipped darts
Armour
 d - a +0 scale mail (worn)
Jewellery
 j - a ring of positive energy (left hand)
 m - a ring of resist corrosion (right hand)
Wands
 q - a wand of iceblast (4)
Scrolls
 e - a scroll of fog
 h - a scroll of enchant weapon {unknown}
 l - a scroll of teleportation {unknown}
 n - a scroll of vulnerability {unknown}
 o - a scroll of identify {unknown}
Potions
 a - 2 potions of mutation {unknown}
 f - a potion of berserk rage {unknown}
 g - a potion of might {unknown}
 i - a potion of flight {unknown}
 k - 2 potions of cancellation {unknown}


   Skills:
 + Level 0.9 Fighting
 + Level 0.9 Short Blades
 + Level 0.9 Long Blades
 + Level 0.9 Axes
 + Level 0.9 Maces & Flails
 + Level 0.9 Polearms
 + Level 0.9 Staves
 + Level 0.9 Slings
 + Level 0.9 Bows
 + Level 0.9 Crossbows
 + Level 0.9 Throwing
 + Level 6.5 Armour
 + Level 0.9 Dodging
 + Level 6.0 Stealth
 + Level 0.9 Shields
 + Level 0.9 Unarmed Combat
 + Level 5.0 Spellcasting
 + Level 0.6 Conjurations
 + Level 0.6 Hexes
 + Level 0.6 Summonings
 + Level 0.6 Necromancy
 + Level 0.6 Translocations
 + Level 3.8 Transmutations
 + Level 0.6 Fire Magic
 + Level 0.6 Ice Magic
 + Level 0.6 Air Magic
 + Level 0.6 Earth Magic
 + Level 0.6 Poison Magic
 + Level 1.0 Invocations
 + Level 0.9 Evocations


You had 12 spell levels left.
You didn't know any spells.
Your spell library contained the following spells:

 Spells                   Type           Power      Damage    Failure   Level
 Wereblood                Tmut           12%        N/A       38%         2
 Passwall                 Tmut/Erth      6%         N/A       61%         2
 Iskenderun's Battlesphe  Conj           4%         2d6       100%        5
 Iron Shot                Conj/Erth      2%         9d2       100%        6
 Spellforged Servitor     Conj/Summ      2%         N/A       100%        7


Dungeon Overview and Level Annotations

Branches:
Dungeon (2/15)

Altars:


Innate Abilities, Weirdness & Mutations

You have very sharp teeth.
Your uncanny sense of smell can sniff out nearby items.
Your experience applies equally to all skills.


Message History

The ball python bites you but does no damage.
The ball python grabs you. The ball python constricts you.
The adder bites you but does no damage.
You closely miss the adder.
The adder is severely wounded.
The ball python bites you but does no damage. x2
The ball python constricts you. The adder bites you but does no damage.
The ball python bites you but does no damage.
The ball python barely misses you. The ball python constricts you.
You closely miss the adder. Your bite misses the adder.
The adder is severely wounded.
The adder bites you but does no damage.
The ball python bites you but does no damage. x2
The ball python constricts you. The adder bites you but does no damage.
The ball python barely misses you.
The ball python bites you but does no damage.
The ball python barely misses you.
The ball python bites you but does no damage.
The ball python constricts you.
You hit the adder.
You kill the adder!
The ball python bites you.
* * * LOW HITPOINT WARNING * * *
The ball python barely misses you. x2
The ball python bites you but does no damage.
The ball python constricts you. The ball python bites you.
* * * LOW HITPOINT WARNING * * *
Your Invocations skill increases to level 1!
The ball python's grasp on you weakens, but your attempt to escape fails.
The ball python barely misses you.
The ball python bites you but does no damage. x2
The ball python constricts you. The ball python bites you.
* * * LOW HITPOINT WARNING * * *
The ball python bites you but does no damage.
You escape the ball python's grasp.
The ball python closely misses you. The ball python grabs you.
The ball python constricts you.
* * * LOW HITPOINT WARNING * * *
The ball python bites you but does no damage.
The ball python bites you.
You die...

##+## ∆ ##...##
##.....##
##.......##
####SS.......#
#..'@........+
∆
##.##SS......<#
#..###.......##
#..S.†S.#
##.....##
#.#....##
##...## ∆
#...### ##+##
###. ##


You could see 4 ball pythons.

Vanquished Creatures
  A gnoll (D:1)
  An adder (D:2)
  5 ball pythons
  A giant cockroach (D:1)
  3 goblins (D:1)
  3 hobgoblins (D:1)
  4 jackals (D:1)
  A quokka (D:1)
  5 bats (D:1)
  A rat (D:1)
25 creatures vanquished.

Vanquished Creatures (others)
  2 fungi (D:2)
2 creatures vanquished.

Grand Total: 27 creatures vanquished

Notes
Turn   | Place    | Note
-------+----------+-------------------------------------------
     0 | D:1      | Crownlay the Gnoll Wanderer began the quest for the Orb.
     0 | D:1      | Crownlay set off with the following items: a +0 dagger, 2
                  | atropa-tipped darts, 2 datura-tipped darts, a +0 scale
                  | mail, a scroll of fog; and the following spells available
                  | to memorise: Wereblood, Passwall
     0 | D:1      | Reached XP level 1. HP: 13/13 MP: 6/6
   288 | D:1      | Reached XP level 2. HP: 8/19 MP: 7/7
   780 | D:1      | Reached skill level 5 in Spellcasting
   780 | D:1      | Reached XP level 3. HP: 25/25 MP: 7/9
  1319 | D:2      | Reached skill level 1 in Invocations
  1320 | D:2      | Slain by a ball python

Illustrated notes

Levels and vault maps discovered:
D:1:      psy_arrival_conway, layout_loops_ring
D:2:      layout_loops_corners, minmay_misc_feat_diagonals, grunt_ministairs_12,
          minmay_shallow_snake_nest, uniq_terence

Skill      XL: |  1  2  3 |
---------------+----------+-----
Spellcasting   | 5 |  5.0
Stealth        | 6 |  6.0
Invocations    | 1 |  1.0
Fighting       | |  0.9
Short Blades   | |  0.9
Long Blades    | |  0.9
Axes           | |  0.9
Maces & Flails | |  0.9
Polearms       | |  0.9
Staves         | |  0.9
Slings         | |  0.9
Bows           | |  0.9
Crossbows      | |  0.9
Throwing       | |  0.9
Armour         | |  6.5
Dodging        | |  0.9
Shields        | |  0.9
Unarmed Combat | |  0.9
Conjurations   | |  0.6
Hexes          | |  0.6
Summonings     | |  0.6
Necromancy     | |  0.6
Translocations | |  0.6
Transmutations | |  3.8
Fire Magic     | |  0.6
Ice Magic      | |  0.6
Air Magic      | |  0.6
Earth Magic    | |  0.6
Poison Magic   | |  0.6
Evocations     | |  0.9

Action                   || total
-------------------------++-------
Melee: Dagger            ||    74
       Bite              ||    13
       Punch             ||     1
       Mace              ||    30
 Stab: Sleeping          ||     2
Armor: Scale mail        ||   101
Dodge: Dodged            ||    68

Table legend: (Time is in decaauts)
 A = Elapsed time spent in this place.
 B = Non-inter-level travel time spent in this place.
 C = Inter-level travel time spent in this place.
 D = Time resting spent in this place.
 E = Time spent auto-exploring this place.
 F = Levels seen in this place.
 G = Mean time per level.
                   A        B        C        D        E       F      G
               +--------+--------+--------+--------+--------+-----+--------+
         Total |   1332 |   1325 |      7 |      0 |   1112 |   2 |  666.0 |
       Dungeon |   1332 |   1325 |      7 |      0 |   1112 |   2 |  666.0 |
               +--------+--------+--------+--------+--------+-----+--------+

Top non-repeatable levels by time:
     D:1: 1290 daAuts
     D:2: 42 daAuts
